[Event "3rd HSK Youth Summer 2018"]
[Site "Hamburg"]
[Date "2018.07.26"]
[Round "2"]
[White "Meyling, Lennart"]
[Black "Brockmeyer, Tobias"]
[Result "1/2-1/2"]
[ECO "A83"]
[WhiteElo "2050"]
[BlackElo "1766"]
[Annotator "NA RC"]
[PlyCount "94"]
[EventDate "2018.07.26"]
[EventType "swiss"]
[EventCountry "GER"]
[SourceTitle "playchess.com"]
[Source "ChessBase"]
[SourceQuality "1"]
[TimeControl "40/5400+30:900+30"]

1. d4 f5 2. e4 fxe4 3. Nc3 Nf6 4. Bg5 g6 5. h4 d5 6. h5 Bf5 7. Bxf6 exf6 8. g4 Be6 9. hxg6 Qd7 10. gxh7 Rxh7 11. Rxh7 Qxh7 12. Qe2 c6 13. O-O-O Nd7 14. f3 f5 15. gxf5 Bxf5 16. fxe4 dxe4 17. Nxe4 Bxe4 18. Bg2 Nf6 19. Bxe4 Qxe4 20. Qxe4+ Nxe4 21. Re1 Bh6+ 22. Kd1 O-O-O 23. Rxe4 Kc7 24. Nf3 Rf8 25. Ke2 Rf7 26. Re6 Bf4 27. Kd3 Bc1 28. Ne5 Rg7 29. b3 Rg3+ 30. Ke4 Rg2 31. Re7+ Kb6 32. Nd7+ Ka5 33. Ne5 Ka6 34. d5 cxd5+ 35. Kxd5 Rxc2 36. Nd7 Ba3 37. Re4 Rd2+ 38. Rd4 Rxa2 39. Ra4+ Kb5 40. Ke4 Re2+ 41. Kd3 Re7 42. Nf6 Bc5 43. Ne4 Rd7+ 44. Kc3 a6 45. Rc4 Rc7 46. Kb2 Rc6 47. Nc3+ Ka5 1/2-1/2

[Event "3rd HSK Youth Summer 2018"]
[Site "Hamburg"]
[Date "2018.07.26"]
[Round "2"]
[White "Grabbel, Lennart Christian"]
[Black "Zemach, Roee"]
[Result "0-1"]
[ECO "A33"]
[WhiteElo "1832"]
[BlackElo "2101"]
[Annotator "RC"]
[PlyCount "88"]
[EventDate "2018.07.26"]
[EventType "swiss"]
[EventCountry "GER"]
[SourceTitle "playchess.com"]
[Source "ChessBase"]
[SourceQuality "1"]
[TimeControl "40/5400+30:900+30"]

1. Nf3 Nf6 2. d4 e6 3. c4 c5 4. Nc3 cxd4 5. Nxd4 Nc6 6. e4 Bb4 7. f3 O-O 8. Be2 d6 9. Be3 Nxd4 10. Bxd4 e5 11. Be3 Be6 12. Rc1 Rc8 13. Qb3 Qa5 14. a3 Bc5 15. Bxc5 Qxc5 16. Na4 Qa5+ 17. Nc3 Rc6 18. O-O Rfc8 19. Nd5 Nxd5 20. exd5 Bxd5 21. Qxb7 R6c7 22. Qb3 Bxc4 23. Bxc4 d5 24. Rfd1 dxc4 25. Qe3 f6 26. Rc3 Qb5 27. Qe2 a5 28. h3 a4 29. Qd2 Rb7 30. Kh2 Rbb8 31. Rc2 Rc5 32. Qe2 Rbc8 33. Rc3 Rd5 34. Rxd5 Qxd5 35. Qc2 Qc6 36. Qd2 Kf7 37. Qc2 h6 38. Qd2 Kf8 39. Rc1 Kf7 40. Rd1 Rb8 41. Qc2 Rb7 42. Rc1 Rc7 43. Rd1 Qb5 44. Rd2 g6 0-1

[Event "3rd HSK Youth Summer 2018"]
[Site "Hamburg"]
[Date "2018.07.26"]
[Round "2"]
[White "Shocron, Alon"]
[Black "Sulayev, Daniel"]
[Result "1-0"]
[ECO "A04"]
[WhiteElo "1817"]
[BlackElo "2049"]
[Annotator "NA RC"]
[PlyCount "67"]
[EventDate "2018.07.26"]
[EventType "swiss"]
[EventCountry "GER"]
[SourceTitle "playchess.com"]
[Source "ChessBase"]
[SourceQuality "1"]
[TimeControl "40/5400+30:900+30"]

1. Nf3 c5 2. c4 Nc6 3. d4 cxd4 4. Nxd4 g6 5. g3 Bg7 6. Nb3 a5 7. Nc5 d6 8. Nd3 Be6 9. Qa4 Bd7 10. Bg2 Nb4 11. Qb3 Nxd3+ 12. exd3 Bc6 13. O-O Nf6 14. Be3 a4 15. Qb4 Nd7 16. d4 Bxg2 17. Kxg2 Qb6 18. Qxb6 Nxb6 19. Na3 O-O 20. b3 Rfc8 21. Nb5 Nd7 22. Rfe1 Bf6 23. Rec1 Ra6 24. b4 a3 25. Rab1 Ra4 26. c5 Ra6 27. cxd6 Rxc1 28. Rxc1 Rb6 29. Rc8+ Kg7 30. Nc7 g5 31. dxe7 Bxe7 32. Nd5 Re6 33. Nxe7 Rxe7 34. Rc7 1-0

[Event "3rd HSK Youth Summer 2018"]
[Site "Hamburg"]
[Date "2018.07.26"]
[Round "2"]
[White "Rozin, Yoav"]
[Black "Stelmaszyk, Nico"]
[Result "1-0"]
[ECO "D00"]
[WhiteElo "1722"]
[BlackElo "1975"]
[Annotator "NA RC"]
[PlyCount "63"]
[EventDate "2018.07.26"]
[EventType "swiss"]
[EventCountry "GER"]
[SourceTitle "playchess.com"]
[Source "ChessBase"]
[SourceQuality "1"]
[TimeControl "40/5400+30:900+30"]

1. d4 d5 2. e4 dxe4 3. Nc3 Bf5 4. f3 exf3 5. Qxf3 Qc8 6. Bc4 e6 7. Qe2 Bb4 8. g4 Bg6 9. d5 e5 10. Qxe5+ Kf8 11. Qf4 Nf6 12. h3 Be4 13. g5 Nxd5 14. Bxd5 Bxc3+ 15. bxc3 Bxd5 16. Rh2 Kg8 17. c4 Bc6 18. Bb2 h6 19. Qd4 Qe6+ 20. Ne2 Qg6 21. O-O-O hxg5 22. h4 Nd7 23. h5 Qh6 24. Ng3 Qf6 25. Qxd7 Qf4+ 26. Qd2 Qxg3 27. Kb1 Bf3 28. Rf1 Rxh5 29. Qc3 f6 30. Rxh5 g4 31. c5 Qg2 32. Qc4+ 1-0

[Event "3rd HSK Youth Summer 2018"]
[Site "Hamburg"]
[Date "2018.07.26"]
[Round "3"]
[White "Globus, Or"]
[Black "Rozin, Yoav"]
[Result "1-0"]
[ECO "A86"]
[WhiteElo "2351"]
[BlackElo "1722"]
[Annotator "NA"]
[PlyCount "83"]
[EventDate "2018.07.26"]
[EventType "swiss"]
[EventCountry "GER"]
[SourceTitle "playchess.com"]
[Source "ChessBase"]
[SourceQuality "1"]
[TimeControl "40/5400+30:900+30"]

1. d4 f5 2. c4 Nf6 3. g3 g6 4. Bg2 Bg7 5. Nh3 d6 6. d5 c6 7. Nc3 e5 8. dxe6 Bxe6 9. b3 O-O 10. O-O Ne4 11. Nxe4 fxe4 12. Rb1 Bf5 13. Nf4 Na6 14. Bb2 Bxb2 15. Rxb2 Qf6 16. Rd2 Rad8 17. e3 g5 18. Ne2 Nc5 19. Rd4 Rfe8 20. b4 Nd3 21. f3 exf3 22. Bxf3 Rxe3 23. Bg4 Rxe2 24. Rxd3 Re5 25. Qf3 Rf8 26. Bxf5 Rxf5 27. Qxf5 Qxf5 28. Rxf5 Rxf5 29. Rxd6 Kg7 30. Kg2 Rf6 31. Rd7+ Rf7 32. Rxf7+ Kxf7 33. Kf3 Ke6 34. Ke4 Kd6 35. Kf5 g4 36. a3 c5 37. b5 a6 38. bxa6 bxa6 39. a4 a5 40. Kf6 h6 41. Kf5 h5 42. Ke4 {Kd5+} 1-0

[Event "3rd HSK Youth Summer 2018"]
[Site "Hamburg"]
[Date "2018.07.26"]
[Round "3"]
[White "Zemach, Roee"]
[Black "Apitzsch, Leon Fabian"]
[Result "1-0"]
[ECO "C77"]
[WhiteElo "2101"]
[BlackElo "1958"]
[Annotator "NA"]
[PlyCount "97"]
[EventDate "2018.07.26"]
[EventType "swiss"]
[EventCountry "GER"]
[SourceTitle "playchess.com"]
[Source "ChessBase"]
[SourceQuality "1"]
[TimeControl "40/5400+30:900+30"]

1. e4 e5 2. Nf3 Nc6 3. Bb5 a6 4. Ba4 Nf6 5. d3 Be7 6. Bxc6 bxc6 7. Nxe5 O-O 8. O-O Bb7 9. Nf3 d5 10. e5 Nd7 11. Re1 c5 12. Nbd2 Re8 13. Nf1 f6 14. exf6 Bxf6 15. Bf4 Nf8 16. Rxe8 Qxe8 17. c3 Ne6 18. Bg3 d4 19. c4 Qg6 20. Qe2 Re8 21. Re1 Bc6 22. Qd1 h5 23. h4 Kh7 24. Ne5 Bxe5 25. Rxe5 Kg8 26. Qe2 Bxg2 27. Qxh5 Qxh5 28. Rxh5 Bb7 29. Re5 Kf7 30. Nd2 Rb8 31. b3 Bc6 32. f4 g6 33. Kf2 a5 34. Ne4 Bxe4 35. dxe4 a4 36. f5 gxf5 37. exf5 Ng7 38. Rxc5 axb3 39. axb3 Rxb3 40. Bf4 Rh3 41. Rxc7+ Kg8 42. f6 Nf5 43. f7+ Kf8 44. c5 Rxh4 45. Bd6+ Nxd6 46. cxd6 Rf4+ 47. Ke2 Rxf7 48. d7 Ke7 49. d8=Q+ 1-0

[Event "3rd HSK Youth Summer 2018"]
[Site "Hamburg"]
[Date "2018.07.26"]
[Round "3"]
[White "Ehrlich, Roy"]
[Black "Grabbel, Lennart Christian"]
[Result "1-0"]
[ECO "B41"]
[WhiteElo "1893"]
[BlackElo "1832"]
[Annotator "NA RC"]
[PlyCount "111"]
[EventDate "2018.07.26"]
[EventType "swiss"]
[EventCountry "GER"]
[SourceTitle "playchess.com"]
[Source "ChessBase"]
[SourceQuality "1"]
[TimeControl "40/5400+30:900+30"]

1. e4 c5 2. Nf3 e6 3. d4 cxd4 4. Nxd4 a6 5. g3 b5 6. Bg2 {[%emt 0:00:00] B41: Sicilian: Kan Variation: 5 c4} Bb7 7. O-O Qc7 (7... Nf6 8. Re1 Bc5 9. a4 b4 10. c3 Qc7 11. Nd2 d6 12. N2b3 bxc3 13. bxc3 Nbd7 {0-1 (52) Giri,A (2782)-Caruana,F (2804) Paris 2016}) 8. a4 bxa4 9. Rxa4 Nf6 10. Nd2 $146 ({Predecessor:} 10. Nc3 Be7 11. Re1 d6 12. Qe2 O-O 13. Rc4 {0-1 (45) Glisic,T-Miljkovic,M (2172) Jagodina 2011}) 10... d5 11. Qe2 Nbd7 12. exd5 Nxd5 13. Bxd5 Bxd5 14. Rxa6 Rxa6 15. Qxa6 Bc5 16. N2b3 Bb6 17. Be3 O-O 18. Rd1 Qe5 19. Qe2 Rc8 20. Rd2 Nc5 21. Nxc5 Bxc5 22. c3 Ra8 23. f3 Ra1+ 24. Kg2 g5 25. h3 h5 26. Nc2 g4 27. hxg4 hxg4 28. Rxd5 exd5 29. Nxa1 Qxe3 30. Qxe3 Bxe3 31. Nb3 Kg7 32. fxg4 Kf6 33. Kf3 Bb6 34. Nd4 Ke5 35. Ke3 f6 36. b4 Ba7 37. b5 Bb6 38. Kf3 Bc7 39. Ke3 Bb6 40. Kd3 Bc7 41. Nf5 Bb6 42. Ne7 Bf2 43. Ke2 Bc5 44. Nc6+ Kd6 45. Kf3 Ba3 46. Ke2 Bc5 47. Kd3 Bf2 48. Nb4 Kc5 49. b6 Kxb6 50. Nxd5+ Kc6 51. Nxf6 Bxg3 52. c4 Be5 53. g5 Kd6 $18 54. Ke4 Ke6 55. Nd5 Kd6 56. c5+ 1-0

[Event "3rd HSK Youth Summer 2018"]
[Site "Hamburg"]
[Date "2018.07.27"]
[Round "4"]
[White "Globus, Or"]
[Black "Shocron, Alon"]
[Result "1-0"]
[ECO "A62"]
[WhiteElo "2351"]
[BlackElo "1817"]
[Annotator "NA"]
[PlyCount "83"]
[EventDate "2018.07.26"]
[EventType "swiss"]
[EventCountry "GER"]
[SourceTitle "playchess.com"]
[Source "ChessBase"]
[SourceQuality "1"]
[TimeControl "40/5400+30:900+30"]

1. d4 Nf6 2. c4 e6 3. g3 c5 4. d5 exd5 5. cxd5 d6 6. Nc3 g6 7. Bg2 Bg7 8. Nf3 O-O 9. O-O Re8 10. Bf4 Nh5 11. Bg5 Qa5 12. Nd2 h6 13. Be3 f5 (13... Nd7 $14) 14. a4 ({Better is} 14. Nc4 $16 Qd8 15. Bf3) 14... a6 (14... Bxc3 $142 15. bxc3 Qxc3) 15. Nc4 $16 Qc7 16. Qd2 g5 17. f4 g4 18. Bf2 Nd7 19. Rab1 Nhf6 20. Qc2 Rb8 21. Ne3 b5 22. Nxf5 b4 23. Nxg7 Kxg7 24. Nd1 b3 25. Qd3 c4 26. Qd2 Nc5 27. Nc3 Bf5 28. Rbe1 Nce4 29. Qd4 Rb4 30. Nxe4 Bxe4 31. Qc3 Bxg2 32. Kxg2 Rxa4 33. Bd4 Rf8 34. e4 Qa5 35. e5 Qxd5+ 36. Kg1 Ne4 37. e6+ Kg8 38. Qe3 Nc5 39. e7 Re8 40. f5 Kf7 41. Bc3 Qb7 42. Qxh6 1-0

[Event "3rd HSK Youth Summer 2018"]
[Site "Hamburg"]
[Date "2018.07.27"]
[Round "4"]
[White "Holinka, Henning"]
[Black "Zemach, Roee"]
[Result "0-1"]
[ECO "C55"]
[WhiteElo "2146"]
[BlackElo "2101"]
[Annotator "NA"]
[PlyCount "100"]
[EventDate "2018.07.26"]
[EventType "swiss"]
[EventCountry "GER"]
[SourceTitle "playchess.com"]
[Source "ChessBase"]
[SourceQuality "1"]
[TimeControl "40/5400+30:900+30"]

1. e4 e5 2. Nf3 Nc6 3. Bc4 Nf6 4. d3 Be7 5. O-O O-O 6. Re1 d6 7. a4 Na5 8. Ba2 c5 9. c3 Be6 10. b4 cxb4 11. cxb4 Nc6 12. Ba3 Bg4 13. h3 Bxf3 14. Qxf3 Nd4 15. Qd1 Rc8 16. Bc4 d5 17. exd5 Nxd5 18. Rxe5 Nxb4 19. Nc3 Ndc6 20. Re1 Bf6 21. Qb3 a5 22. Rac1 Bd4 23. Nd5 Qh4 24. Rf1 Rce8 25. Nxb4 axb4 26. Bxb4 Nxb4 27. Qxb4 Re2 28. Qxb7 Rxf2 29. Kh1 Qf4 30. Rfe1 Be5 31. Rxe5 Qxe5 32. Qe4 Qf6 33. Bb5 Rf1+ 34. Rxf1 Qxf1+ 35. Kh2 Qf6 36. h4 Qd6+ 37. Kh3 f5 38. Bc4+ Kh8 39. Qe6 Qd4 40. Qe7 Rb8 41. a5 Qa1 42. Qc7 Re8 43. a6 Qh1+ 44. Qh2 Re3+ 45. g3 Qd1 46. a7 Qg4+ 47. Kg2 Re2+ 48. Kg1 Re1+ 49. Kg2 Qe2+ 50. Kh3 Qf3 0-1

[Event "3rd HSK Youth Summer 2018"]
[Site "Hamburg"]
[Date "2018.07.27"]
[Round "4"]
[White "Meyling, Lennart"]
[Black "Ehrlich, Roy"]
[Result "1/2-1/2"]
[ECO "C02"]
[WhiteElo "2050"]
[BlackElo "1893"]
[Annotator "NA"]
[PlyCount "30"]
[EventDate "2018.07.26"]
[EventType "swiss"]
[EventCountry "GER"]
[SourceTitle "playchess.com"]
[Source "ChessBase"]
[SourceQuality "1"]
[TimeControl "40/5400+30:900+30"]

1. d4 e6 2. e4 d5 3. e5 c5 4. c3 Nc6 5. Ne2 Nge7 6. g3 Nf5 7. Bh3 g6 8. f4 c4 9. O-O Bd7 10. b3 b5 11. Bxf5 gxf5 12. Ba3 Qb6 13. Bxf8 Kxf8 14. Na3 Rb8 15. b4 Ke8 1/2-1/2

[Event "3rd HSK Youth Summer 2018"]
[Site "Hamburg"]
[Date "2018.07.27"]
[Round "4"]
[White "Grabbel, Lennart Christian"]
[Black "Rozin, Yoav"]
[Result "1-0"]
[ECO "A85"]
[WhiteElo "1832"]
[BlackElo "1722"]
[Annotator "NA"]
[PlyCount "119"]
[EventDate "2018.07.26"]
[EventType "swiss"]
[EventCountry "GER"]
[SourceTitle "playchess.com"]
[Source "ChessBase"]
[SourceQuality "1"]
[TimeControl "40/5400+30:900+30"]

1. d4 f5 2. c4 Nf6 3. Nc3 g6 4. g3 Bg7 5. Bg2 d6 6. Nf3 Nbd7 7. d5 Ne5 8. Nxe5 dxe5 9. e4 e6 10. O-O Qe7 11. Re1 O-O 12. Qe2 f4 13. gxf4 Nh5 14. dxe6 Bxe6 15. f5 Bf7 16. Bf3 Nf4 17. Bxf4 exf4 18. fxg6 Bxg6 19. Nd5 Qg5+ 20. Kh1 Be5 21. Rg1 Qh6 22. Rg2 Rf7 23. Rag1 Kh8 24. Bg4 c6 25. Nb4 Qf8 26. Nd3 Bd4 27. Bf3 Re8 28. Rg4 Qh6 29. Qd2 Qh3 30. Rxf4 Rxf4 31. Qxf4 Bg7 32. Qg4 Qxf3+ 33. Qxf3 Bxe4 34. Kg2 Kg8 35. b3 Bxf3+ 36. Kxf3 Kf7 37. Rd1 Kf6 38. Nf4 Kf7 39. Rd7+ Re7 40. Rxe7+ Kxe7 41. Ke4 Kd6 42. Nd3 a6 43. f4 c5 44. f5 b5 45. Kf4 Bd4 46. Kg5 Ke7 47. Nf4 Be5 48. Nd5+ Kf7 49. h3 Bg7 50. f6 Bf8 51. Kf5 Bd6 52. Ne3 h5 53. Nf1 Bb8 54. Nd2 bxc4 55. bxc4 Bd6 56. Ne4 Bf8 57. Ng5+ Ke8 58. Ke6 a5 59. f7+ Kd8 60. Nh7 1-0

[Event "3rd HSK Youth Summer 2018"]
[Site "Hamburg"]
[Date "2018.07.27"]
[Round "4"]
[White "Grabbel, Torben Frederik"]
[Black "Sulayev, Daniel"]
[Result "0-1"]
[ECO "A46"]
[WhiteElo "1423"]
[BlackElo "2049"]
[Annotator "NA"]
[PlyCount "76"]
[EventDate "2018.07.26"]
[EventType "swiss"]
[EventCountry "GER"]
[SourceTitle "playchess.com"]
[Source "ChessBase"]
[SourceQuality "1"]
[TimeControl "40/5400+30:900+30"]

1. d4 Nf6 2. Nf3 c5 3. c3 b6 4. Bf4 g6 5. e3 Bg7 6. Nbd2 O-O 7. Bd3 d6 8. O-O Nbd7 9. Bc2 Bb7 10. Re1 Re8 11. dxc5 Nxc5 12. h3 Nfe4 13. Nxe4 Nxe4 14. Nd2 Nc5 15. e4 Rc8 16. Nb3 e5 $11 17. Nxc5 bxc5 18. Bg3 Qb6 19. Ba4 Rf8 20. Qb3 Qc7 21. c4 f5 22. exf5 gxf5 23. Rad1 f4 24. Bh2 e4 25. Kh1 Bd4 26. Qc2 Qe7 27. Bg1 Qe5 28. b3 Rc7 29. Qe2 Rg7 30. Bh2 Qf5 31. Qf1 Qh5 32. b4 Bc3 33. bxc5 dxc5 34. Qe2 f3 35. gxf3 Bxe1 36. Rxe1 e3 37. Bd1 Bxf3+ 38. Qxf3 Rxf3 0-1

[Event "3rd HSK Youth Summer 2018"]
[Site "Hamburg"]
[Date "2018.07.27"]
[Round "5"]
[White "Sulayev, Daniel"]
[Black "Ehrlich, Roy"]
[Result "1/2-1/2"]
[ECO "A36"]
[WhiteElo "2049"]
[BlackElo "1893"]
[Annotator "NA"]
[PlyCount "21"]
[EventDate "2018.07.26"]
[EventType "swiss"]
[EventCountry "GER"]
[SourceTitle "playchess.com"]
[Source "ChessBase"]
[SourceQuality "1"]
[TimeControl "40/5400+30:900+30"]

1. c4 g6 2. g3 Bg7 3. Bg2 c5 4. Nc3 Nc6 5. e4 e6 6. Nge2 Nge7 7. O-O O-O 8. d3 a6 9. Be3 d6 10. d4 cxd4 11. Nxd4 1/2-1/2

[Event "3rd HSK Youth Summer 2018"]
[Site "Hamburg"]
[Date "2018.07.27"]
[Round "5"]
[White "Stelmaszyk, Nico"]
[Black "Kotyk, Michael"]
[Result "1-0"]
[ECO "C56"]
[WhiteElo "1975"]
[BlackElo "1950"]
[Annotator "NA"]
[PlyCount "49"]
[EventDate "2018.07.26"]
[EventType "swiss"]
[EventCountry "GER"]
[SourceTitle "playchess.com"]
[Source "ChessBase"]
[SourceQuality "1"]
[TimeControl "40/5400+30:900+30"]

1. e4 e5 2. Bc4 Nf6 3. d4 exd4 4. Nf3 Nc6 5. O-O Nxe4 6. Re1 d5 7. Bxd5 Qxd5 8. Nc3 Qh5 9. Nxe4 Be6 10. Bg5 Bd6 11. Nxd6+ cxd6 12. Bf4 Qd5 13. c4 Qxc4 14. Bxd6 Rd8 15. Ba3 b5 16. Rc1 Qd5 17. Rc5 Qd7 18. Rxb5 f6 19. Qe2 Kf7 20. Rb7 Qxb7 21. Qxe6+ Kg6 22. Qg4+ Kf7 23. Ng5+ Kg6 24. Ne6+ Kf7 25. Qxg7+ 1-0

[Event "3rd HSK Youth Summer 2018"]
[Site "Hamburg"]
[Date "2018.07.27"]
[Round "5"]
[White "Shocron, Alon"]
[Black "Meyling, Lennart"]
[Result "1-0"]
[ECO "A04"]
[WhiteElo "1817"]
[BlackElo "2050"]
[Annotator "NA"]
[PlyCount "105"]
[EventDate "2018.07.26"]
[EventType "swiss"]
[EventCountry "GER"]
[SourceTitle "playchess.com"]
[Source "ChessBase"]
[SourceQuality "1"]
[TimeControl "40/5400+30:900+30"]

1. Nf3 g6 2. c4 Bg7 3. Nc3 d6 4. g3 b6 5. Bg2 Bb7 6. O-O e6 7. d4 Ne7 8. e4 O-O 9. d5 e5 10. Bg5 h6 11. Bxe7 Qxe7 12. b4 f5 13. Nh4 Qg5 14. Rc1 a5 15. Nb5 Rf7 16. c5 bxc5 17. bxc5 Ba6 18. cxd6 Bxb5 19. dxc7 Nc6 20. d6 Bxf1 21. Rxc6 Bxg2 22. d7 Rxd7 23. Qxd7 Bxe4 24. c8=Q+ Rxc8 25. Rxc8+ Kh7 26. Qf7 h5 27. Rc7 Qh6 28. f4 g5 29. Nxf5 Qb6+ 30. Kf1 Bd3+ 31. Ke1 Qb4+ 32. Kd1 Qa4+ 33. Kd2 Qb4+ 34. Kxd3 e4+ 35. Ke2 Qb2+ 36. Ke3 Qb6+ 37. Kxe4 Qb4+ 38. Qc4 Qb1+ 39. Qc2 Qh1+ 40. Ke3 Qe1+ 41. Qe2 Qg1+ 42. Qf2 Qb1 43. Rxg7+ Kh8 44. fxg5 Qc1+ 45. Ke4 Qb1+ 46. Ke5 Qb5+ 47. Ke6 Qc4+ 48. Kf6 Qc6+ 49. Kf7 Qd5+ 50. Kg6 Qe6+ 51. Kxh5 a4 52. Rh7+ Kxh7 53. Qa7+ 1-0

[Event "3rd HSK Youth Summer 2018"]
[Site "Hamburg"]
[Date "2018.07.27"]
[Round "5"]
[White "Meiwes, Thore"]
[Black "Holinka, Henning"]
[Result "1-0"]
[ECO "B06"]
[WhiteElo "1794"]
[BlackElo "2146"]
[Annotator "NA"]
[PlyCount "59"]
[EventDate "2018.07.26"]
[EventType "swiss"]
[EventCountry "GER"]
[SourceTitle "playchess.com"]
[Source "ChessBase"]
[SourceQuality "1"]
[TimeControl "40/5400+30:900+30"]

1. d4 g6 2. e4 Bg7 3. Nc3 d6 4. Be3 a6 5. Qd2 b5 6. f3 Nf6 7. Bh6 O-O 8. O-O-O Nbd7 9. h4 Nb6 10. h5 e6 11. hxg6 fxg6 12. Bxg7 Kxg7 13. Qh6+ Kg8 14. e5 Nh5 15. g4 Ng7 16. Qxh7+ Kf7 17. f4 Qe7 18. Bd3 Ke8 19. Qxg6+ Kd8 20. Rh7 Rf7 21. Nh3 Qf8 22. Ng5 Re7 23. Rf1 b4 24. Nce4 Nd5 25. Nf6 Ra7 26. Nxd5 exd5 27. f5 c5 28. f6 Rf7 29. Nxf7+ Rxf7 30. Rxg7 1-0

[Event "3rd HSK Youth Summer 2018"]
[Site "Hamburg"]
[Date "2018.07.27"]
[Round "5"]
[White "Richter, Jordi"]
[Black "Caspi, Nimi"]
[Result "0-1"]
[ECO "A43"]
[WhiteElo "1562"]
[BlackElo "2014"]
[Annotator "NA"]
[PlyCount "46"]
[EventDate "2018.07.26"]
[EventType "swiss"]
[EventCountry "GER"]
[SourceTitle "playchess.com"]
[Source "ChessBase"]
[SourceQuality "1"]
[TimeControl "40/5400+30:900+30"]

1. d4 Nf6 2. Nf3 c5 3. d5 g6 4. c4 b5 5. cxb5 a6 6. Nc3 axb5 7. Nxb5 Ba6 8. Nc3 Bg7 9. e3 Bxf1 10. Kxf1 O-O 11. g3 Na6 12. Kg2 Qb6 13. e4 d6 14. Nd2 Nd7 15. Qb3 Rfb8 16. Qxb6 Nxb6 17. Rb1 Nb4 18. a3 Nd3 19. f4 Na4 20. Nxa4 Rxa4 21. b4 cxb4 22. axb4 Ra2 23. Rd1 Rba8 0-1

[Event "3rd HSK Youth Summer 2018"]
[Site "Hamburg"]
[Date "2018.07.28"]
[Round "6"]
[White "Zemach, Roee"]
[Black "Shocron, Alon"]
[Result "0-1"]
[ECO "B40"]
[WhiteElo "2101"]
[BlackElo "1817"]
[Annotator "NA"]
[PlyCount "105"]
[EventDate "2018.07.26"]
[EventType "swiss"]
[EventCountry "GER"]
[SourceTitle "playchess.com"]
[Source "ChessBase"]
[SourceQuality "1"]
[TimeControl "40/5400+30:900+30"]

1. e4 c5 2. Nf3 e6 3. Nc3 Nc6 4. Bb5 Nd4 5. Ba4 Ne7 6. Nxd4 cxd4 7. Ne2 Nc6 8. O-O d3 9. cxd3 Bc5 $14 10. b4 Bxb4 11. Bb2 O-O 12. Rb1 Ba5 13. f4 d5 14. e5 b5 15. Bb3 Bb6+ 16. d4 a5 17. a4 b4 18. d3 f5 19. Rc1 Qd7 20. Kf2 Ba6 21. Ke3 Rac8 22. Qe1 Kh8 23. h4 Qf7 24. Rf3 Qh5 25. Qf2 Qf7 26. Kd2 Qh5 27. Rh3 Ne7 28. Rhh1 Nc6 29. Rh3 Nb8 30. Rg1 Bd8 31. Ng3 Qf7 32. Ne2 Nd7 33. Ke3 Nb6 34. Ra1 Qb7 35. Qf3 Qd7 36. Qf1 Nc4+ 37. dxc4 dxc4 38. Bc2 b3 39. Ba3 Be7 40. Bxe7 Qxe7 41. Bd1 Qb4 42. Rb1 Rfd8 43. Kf2 c3 44. Bxb3 Rxd4 45. Kg1 Rd2 46. Re3 Qc5 47. Qf2 Bxe2 48. Rxe2 Rxe2 49. Qxc5 Rxc5 50. Bxe6 Rb2 51. Rd1 g6 52. h5 Re2 53. Bb3 {Kg8 Rb1+} 0-1

[Event "3rd HSK Youth Summer 2018"]
[Site "Hamburg"]
[Date "2018.07.28"]
[Round "6"]
[White "Meyling, Lennart"]
[Black "Rozin, Yoav"]
[Result "1-0"]
[ECO "C40"]
[WhiteElo "2050"]
[BlackElo "1722"]
[Annotator "NA RC"]
[PlyCount "65"]
[EventDate "2018.07.26"]
[EventType "swiss"]
[EventCountry "GER"]
[SourceTitle "playchess.com"]
[Source "ChessBase"]
[SourceQuality "1"]
[TimeControl "40/5400+30:900+30"]

1. e4 e5 2. Nf3 d5 3. exd5 e4 4. Qe2 Nf6 5. d3 Qxd5 6. Nbd2 Nc6 7. Nxe4 Be6 8. Nxf6+ gxf6 9. Qe4 Qd7 10. Be2 O-O-O 11. O-O h5 12. h4 Be7 13. g3 Rdg8 14. Bf4 Bd5 15. Qe3 Bd6 16. c4 Re8 17. Qc1 $11 ({Der einzige Zug:} 17. cxd5 $16 Rxe3 18. dxc6 (18. Bxe3 $2 {verliert.} Nb4 $19)) 17... Rxe2 18. cxd5 Nb4 19. Bxd6 Qxd6 20. Nd4 Nxd3 21. Qc4 Rd2 22. Qc3 Nxf2 23. Rxf2 Rxf2 24. Kxf2 Qxd5 25. Rc1 Qd6 26. Nb5 Qb6+ 27. Qc5 Qxc5+ 28. Rxc5 c6 29. Nd6+ Kc7 30. Ne4 b6 31. Rf5 c5 32. Rxf6 Rf8 33. Ng5 1-0

[Event "3rd HSK Youth Summer 2018"]
[Site "Hamburg"]
[Date "2018.07.28"]
[Round "6"]
[White "Caspi, Nimi"]
[Black "Stelmaszyk, Nico"]
[Result "1/2-1/2"]
[ECO "C54"]
[WhiteElo "2014"]
[BlackElo "1975"]
[Annotator "NA RC"]
[PlyCount "54"]
[EventDate "2018.07.26"]
[EventType "swiss"]
[EventCountry "GER"]
[SourceTitle "playchess.com"]
[Source "ChessBase"]
[SourceQuality "1"]
[TimeControl "40/5400+30:900+30"]

1. e4 e5 2. Nf3 Nc6 3. Bc4 Bc5 4. c3 Nf6 5. d3 h6 6. Nbd2 O-O 7. Bb3 d5 8. Qe2 {[%emt 0:03:58] LiveBook: 13 Games} dxe4 9. dxe4 Qe7 10. Nf1 $15 Ng4 11. Ne3 Nxe3 12. Bxe3 Bxe3 13. Qxe3 Na5 14. O-O b6 15. Rfd1 Bg4 16. Rd3 Rad8 17. Rad1 Nxb3 18. axb3 Rxd3 19. Rxd3 Bxf3 20. Qxf3 Rd8 21. Qd1 Rxd3 22. Qxd3 Qg5 23. g3 Qc1+ 24. Kg2 Qxb2 25. Qd8+ Kh7 26. Qxc7 Qxb3 27. Qxa7 Qxc3 1/2-1/2

[Event "3rd HSK Youth Summer 2018"]
[Site "Hamburg"]
[Date "2018.07.28"]
[Round "6"]
[White "Ehrlich, Roy"]
[Black "Kotler, Yiftah"]
[Result "1/2-1/2"]
[ECO "B10"]
[WhiteElo "1893"]
[BlackElo "1672"]
[Annotator "NA RC"]
[PlyCount "40"]
[EventDate "2018.07.26"]
[EventType "swiss"]
[EventCountry "GER"]
[SourceTitle "playchess.com"]
[Source "ChessBase"]
[SourceQuality "1"]
[TimeControl "40/5400+30:900+30"]

1. e4 c6 2. Nf3 d5 3. exd5 cxd5 4. Ne5 Nc6 5. d4 Nf6 6. Bb5 Qc7 7. O-O e6 $11 8. Nc3 a6 9. Bxc6+ bxc6 10. Bf4 Bd6 11. Na4 Nd7 12. Re1 Bxe5 13. Bxe5 Nxe5 14. Rxe5 O-O 15. Nc5 f6 16. Rxe6 Bxe6 17. Nxe6 Qb6 18. Nxf8 Kxf8 19. Rb1 Re8 20. c3 Qb5 1/2-1/2

[Event "3rd HSK Youth Summer 2018"]
[Site "Hamburg"]
[Date "2018.07.28"]
[Round "7"]
[White "Lam, Daniel King-wai"]
[Black "Zemach, Roee"]
[Result "1-0"]
[ECO "C84"]
[WhiteElo "2145"]
[BlackElo "2101"]
[Annotator "NA"]
[PlyCount "45"]
[EventDate "2018.07.26"]
[EventType "swiss"]
[EventCountry "GER"]
[SourceTitle "playchess.com"]
[Source "ChessBase"]
[SourceQuality "1"]
[TimeControl "40/5400+30:900+30"]

1. e4 e5 2. Nf3 Nc6 3. Bb5 a6 4. Ba4 Nf6 5. O-O Be7 6. d3 b5 7. Bb3 d6 8. a3 O-O 9. Nc3 Bg4 10. Be3 Na5 11. Ba2 c6 12. h3 Bh5 13. g4 Bg6 14. Ne2 Re8 15. Ng3 Bf8 16. Nh4 d5 17. g5 d4 18. gxf6 dxe3 19. fxe3 gxf6 20. Nxg6 hxg6 21. Qg4 Bg7 22. Qxg6 Nc4 23. Qh5 1-0

[Event "3rd HSK Youth Summer 2018"]
[Site "Hamburg"]
[Date "2018.07.28"]
[Round "7"]
[White "Stelmaszyk, Nico"]
[Black "Ehrlich, Roy"]
[Result "1/2-1/2"]
[ECO "C17"]
[WhiteElo "1975"]
[BlackElo "1893"]
[Annotator "NA"]
[PlyCount "39"]
[EventDate "2018.07.26"]
[EventType "swiss"]
[EventCountry "GER"]
[SourceTitle "playchess.com"]
[Source "ChessBase"]
[SourceQuality "1"]
[TimeControl "40/5400+30:900+30"]

1. e4 e6 2. d4 d5 3. Nc3 Bb4 4. e5 c5 5. a3 Ba5 6. b4 cxd4 7. Nb5 Bc7 8. f4 Ne7 9. Nf3 Bd7 10. Nxc7+ Qxc7 11. Bd3 Ba4 12. O-O Qb6 13. Bb2 Nbc6 14. Qe2 a6 15. Qf2 Rc8 16. Kh1 Bb5 17. Bxd4 Nxd4 18. Nxd4 Bxd3 19. cxd3 Kd7 20. Qb2 1/2-1/2